Map: Одиссея РВ

Players

ИИ 1 (новичок)

  • Race: Protoss Protoss
  • Spawn Location: 5:00

Doll - Winner!

  • Race: Zerg Zerg
  • Spawn Location: 11:00

VOD

Have the link to the VOD?

Description

Time

  • Played on: March 20, 2021, 5:22 a.m.
  • Length: 12:22
Show
View Real Time Build Order
Export as new Build Order

ИИ 1 (новичок) Protoss 

Build Orders: 1 Gate Expand, Nexus First 

Get SALT Encoding   

  12  0:00  Probe  
  13  0:13  Probe  
  14  0:20  Pylon  
  14  0:42  Gateway  
  14  1:03  Nexus  
  14  1:20  Pylon  
  14  1:22  Zealot  
  14  1:24  Assimilator  
  16  1:37  Cybernetics Core  
  16  1:39  Probe  
  17  1:52  Probe  
  18  2:01  Probe, Assimilator  
  18  2:05  Stalker  
  19  2:09  Probe, Warp Gate  
  22  2:18  Probe  
  23  2:25  Probe  
  24  2:33  Probe  
  25  2:40  Probe  
  26  2:48  Probe  
  26  2:49  Assimilator  
  27  2:53  Pylon  
  27  2:55  Probe  
  28  3:03  Probe  
  29  3:10  Probe  
  30  3:13  Robotics Facility  
  30  3:17  Probe  
  31  3:25  Probe  
  31  3:26  Zealot  
  34  3:32  Probe  
  35  3:40  Probe  
  36  3:47  Probe  
  37  3:54  Probe  
  38  4:01  Probe  
  40  4:03  Observer  
  40  4:06  Probe  
  41  4:14  Probe  
  42  4:19  Probe, Assimilator  
  44  4:24  Observer  
  44  4:26  Probe  
  45  4:34  Pylon  
  45  4:35  Sentry  
  45  4:37  Probe  
  48  4:45  Probe  
  49  4:52  Probe  
  50  10:23  Warp Prism  
  50  10:27  Stalker  
  54  10:29  Gateway  
  54  10:31  Robotics Bay  
  54  10:34  Stargate  
  54  10:37  Pylon  
  54  10:47  Warp Prism  
  54  11:11  Probe, Stalker  
  39  11:19  Probe  
  39  11:21  Stalker x2  
  39  11:22  Probe  
  39  11:30  Probe  
  29  11:41  Pylon  
  29  11:42  Nexus  
Show
View Real Time Build Order
Export as new Build Order

Doll Zerg - Winner!

Build Orders: Hatch First 

Get SALT Encoding   

  12  0:00  Drone  
  13  0:12  Overlord  
  13  0:17  Drone  
  14  0:32  Drone x2  
  14  0:35  Drone  
  17  0:53  Hatchery  
  16  0:57  Drone  
  16  1:00  Drone  
  18  1:07  Drone  
  18  1:09  Extractor  
  18  1:22  Spawning Pool  
  18  1:23  Drone  
  18  1:32  Drone  
  19  1:41  Drone  
  20  1:50  Overlord  
  20  2:09  Queen x2  
  20  2:10  Zergling x2  
  20  2:11  Zergling x2  
  20  2:12  Drone  
  27  2:23  Drone, Extractor  
  27  2:25  Drone  
  27  2:27  Drone  
  29  2:33  Drone  
  30  2:39  Drone  
  31  2:49  Drone  
  32  2:54  Drone  
  32  2:55  Drone, Hatchery  
  32  3:02  Drone  
  32  3:06  Lair  
  32  3:10  Drone  
  33  3:13  Drone  
  33  3:19  Drone  
  35  3:20  Drone  
  35  3:22  Overlord  
  36  3:34  Overlord  
  36  3:36  Overlord  
  36  3:44  Drone x2  
  36  3:45  Drone x3  
  36  3:46  Drone  
  42  3:57  Spine Crawler  
  42  3:58  Zergling x4  
  43  4:05  Zergling x2  
  43  4:06  Zergling x4, Hydralisk Den  
  43  4:08  Overlord  
  45  4:12  Zergling x4  
  47  4:18  Drone  
  47  4:19  Drone  
  47  4:23  Drone  
  50  4:37  Hydralisk x5  
  60  4:39  Hydralisk  
  60  4:41  Hydralisk  
  60  4:43  Hydralisk  
  66  4:49  Hydralisk  
  66  4:50  Hydralisk  
  70  4:53  Hydralisk  
  70  4:59  Overlord x2  
  72  5:01  Drone  
  72  5:03  Drone  
  74  5:11  Infestation Pit  
  73  5:15  Roach Warren  
  73  5:17  Drone x2  
  73  5:18  Baneling Nest  
  73  5:19  Drone  
  74  5:25  Drone, Extractor  
  74  5:26  Drone x2  
  74  5:27  Drone, Extractor  
  76  5:30  Metabolic Boost  
  76  5:32  Drone  
  76  5:34  Drone  
  78  5:36  Drone  
  78  5:37  Drone  
  78  5:41  Drone x2  
  82  5:46  Hydralisk  
  82  5:47  Hydralisk  
  86  5:52  Drone  
  86  5:53  Overlord  
  86  5:56  Glial Reconstitution  
  87  5:59  Overlord  
  87  6:03  Drone x2  
  89  6:05  Drone  
  89  6:07  Pneumatized Carapace  
  90  6:13  Overlord  
  90  6:14  Drone  
  90  6:15  Drone x3  
  94  6:20  Infestor  
  96  6:26  Drone  
  96  6:27  Drone  
  96  6:28  Drone x3  
  96  6:30  Overlord  
  101  6:36  Hydralisk  
  101  6:39  Hydralisk x2  
  107  6:49  Drone x2  
  107  6:50  Hydralisk  
  107  6:53  Hydralisk, Hatchery  
  112  6:56  Hydralisk  
  112  6:57  Hydralisk  
  112  6:59  Hydralisk  
  118  7:01  Hydralisk  
  118  7:04  Overlord  
  120  7:13  Drone  
  120  7:14  Drone  
  122  7:17  Overlord  
  122  7:20  Hatchery  
  121  7:24  Infestor x2  
  121  7:26  Drone x2  
  121  7:27  Drone  
  121  7:28  Overlord  
  128  7:32  Drone  
  128  7:33  Drone  
  130  7:39  Zergling x2  
  130  7:40  Hive  
  130  7:41  Drone  
  130  7:42  Drone  
  130  7:43  Queen  
  135  7:44  Queen  
  137  7:51  Hydralisk  
  137  7:52  Hydralisk x2  
  137  7:54  Drone, Overlord  
  137  7:57  Overseer  
  144  8:01  Overseer  
  144  8:03  Drone x2  
  144  8:04  Overlord  
  146  8:05  Overlord  
  146  8:13  Extractor  
  146  8:14  Hydralisk  
  146  8:15  Hydralisk x2  
  146  8:17  Zergling x2  
  146  8:18  Drone  
  153  8:21  Extractor  
  153  8:24  Hydralisk  
  153  8:25  Hydralisk  
  156  8:31  Evolution Chamber  
  155  8:34  Extractor  
  155  8:35  Drone x4, Evolution Chamber  
  155  8:36  Drone x2, Extractor  
  155  8:38  Drone x3, Evolution Chamber  
  155  8:40  Queen x2  
  164  8:41  Queen  
  164  8:43  Hydralisk  
  164  8:46  Hydralisk x2  
  172  8:51  Hydralisk x2  
  172  8:53  Hydralisk  
  172  8:55  Overlord  
  178  8:57  Hydralisk  
  178  8:59  Hydralisk  
  182  9:04  Overlord x2  
  182  9:10  Zerg Melee Weapons Level 1  
  182  9:11  Zerg Missile Weapons Level 1  
  182  9:15  Zergling x8  
  182  9:16  Zergling x6  
  189  9:17  Zergling x2  
  189  9:21  Zerg Ground Armor Level 1  
  190  9:25  Zergling x8  
  190  9:26  Zergling x2  
  190  9:27  Zergling x2  
  196  10:00  Hatchery  
  195  10:20  Baneling x2  
  195  10:21  Baneling x5  
  195  10:22  Baneling x4  
Tags
 
Add a new tag
Caveats
  • Supply blocks, unpowered buildings, or Contaminate may cause inaccurate times.
  • Supply counts are checked every 10 seconds.